 Dungeon Crawl Stone Soup version 0.26-a0-651-gb41185065b (webtiles) character file.

Game seed: 7480105133877564375

(classic levelgen) 114 EnegeticOcto the Sneak (level 4, -1/40 HPs)
             Began as a Deep Dwarf Delver on Oct 23, 2020.
             Was an Initiate of Ru.
             Slain by a gnoll shaman
             ... wielding a +0 club
              (10 damage)
             ... on level 5 of the Dungeon.
             The game lasted 00:01:19 (206 turns).

EnegeticOcto the Sneak (Deep Dwarf Delver)           Turns: 206, Time: 00:01:19

Health: -1/40      AC:  3    Str: 15    XL:     4   Next: 67%
Magic:  2/2        EV: 11    Int: 12    God:    Ru [......]
Gold:   33         SH:  3    Dex: 14    Spells: 3/3 levels left

rFire    . . .     SeeInvis .   a - +0 hand axe
rCold    . . .     Faith    .   i - +0 buckler
rNeg     . . .     Spirit   .   b - +0 leather armour
rPois    .         Reflect  .   (no helmet)
rElec    .         Harm     .   (no cloak)
rCorr    .         Rampage  .   (no gloves)
MR       .....                  (no boots)
Stlth    +++.......             (no amulet)
HPRegen  0.00/turn              (no ring)
MPRegen  0.08/turn              (no ring)

@: lethally poisoned (-1 -> -1), non-regenerating, hasted, very quick
A: damage resistance, heal wounds, sense surroundings 1, no regeneration
a: Heal Wounds, Renounce Religion


You were on level 5 of the Dungeon.
You worshipped Ru.
Ru was noncommittal.
You visited 1 branch of the dungeon, and saw 3 of its levels.
You also visited: Ossuary.

You collected 33 gold pieces.

Inventory:

Hand Weapons
 a - a +0 hand axe (weapon)
Armour
 b - a +0 leather armour (worn)
 i - a +0 buckler (worn)
Wands
 g - a wand of digging (3) {@v3}
Scrolls
 c - a scroll of fog
 d - a scroll of magic mapping {@r5}
 e - 3 scrolls of fear
 j - a scroll of teleportation {unknown}
Potions
 h - a potion of curing {unknown}


   Skills:
 - Level 2.6 Fighting
 + Level 5.5 Axes
 - Level 2.1 Dodging
 - Level 6.0 Stealth


You had 3 spell levels left.
You didn't know any spells.
Your spell library was empty.

Dungeon Overview and Level Annotations

Branches:
Dungeon (6/15)            Ossuary (visited)
 Temple: D:4-7

Altars:
Qazlal
Ru

Annotations:
D:5 Menkaure


Innate Abilities, Weirdness & Mutations

You are resistant to damage.
You can heal yourself by infusing magical energy.
You passively map a small area around you.
You do not regenerate.


Message History

The adder poisons you!
You fail to use your ability.
Menkaure is no longer moving quickly.
The ufetubus hits you but does no damage.
The ufetubus closely misses you. The gnoll hits you with a +0 club.
You block the gnoll's attack. Something hits you. Something shocks you.
The adder bites you.
You closely miss the ufetubus.
The ufetubus is severely wounded.
You completely miss the adder. You miss something. You closely miss the gnoll.
The ufetubus hits you. You block the ufetubus's attack.
You feel much better. The ufetubus hits you. The ufetubus closely misses you.
The adder closely misses you. The gnoll closely misses you.
The gnoll hits you but does no damage. Something hits you.
Something shocks you.
You hit the ufetubus but do no damage.
The ufetubus is severely wounded.
You hit the adder but do no damage. You miss something.
You hit the gnoll but do no damage. The ufetubus hits you.
The ufetubus hits you but does no damage.
The adder bites you but does no damage. The gnoll misses you.
The gnoll hits you but does no damage. Something hits you but does no damage.
You barely miss the ufetubus.
The ufetubus is severely wounded.
You hit the gnoll. You completely miss something. You barely miss the adder.
The ufetubus hits you. The ufetubus misses you. The adder closely misses you.
You barely miss the ufetubus.
The ufetubus is severely wounded.
You barely miss the gnoll. You hit something.
You hit the adder but do no damage. The ufetubus hits you.
The ufetubus closely misses you. The gnoll closely misses you.
Something completely misses you. You block the gnoll's attack.
The orc priest calls upon Beogh to heal the orc.
The orc's wounds heal themselves!
The adder bites you.
You are more poisoned.
The adder poisons you!
The gnoll shaman calls upon its god to heal the gnoll.
The gnoll's wounds heal themselves!
You hit the ufetubus.
You kill the ufetubus!
You hit the gnoll. You closely miss something. You hit the adder.
The gnoll hits you from afar with a +3 spear.
The adder bites you but does no damage. Something hits you but does no damage.
The orc priest casts a cantrip, but nothing happens.
You hit the gnoll.
You kill the gnoll!
You miss something.
Your shield prevents you from hitting the adder.
You hit the orc. The adder closely misses you.
The gnoll hits you from afar with a +3 spear.
You hit the adder but do no damage.
The adder is severely wounded.
You miss something. You barely miss the orc.
Something hits you but does no damage. The adder closely misses you.
You miss the adder.
The adder is severely wounded.
You hit the orc priest. You hit the orc.
You kill the orc!
You closely miss something.
The gnoll hits you from afar with a +3 spear.
The orc priest hits you with a +0 flail.
Something hits you. Something shocks you. The adder bites you.
You are more poisoned.
The adder poisons you!
You hit the adder.
You kill the adder!
You hit the orc priest but do no damage.
You hit the orc but do no damage. You barely miss something.
The gnoll closely misses you.
Menkaure calls on the powers of darkness!
The gnoll shaman convulses!
Your body is wracked with pain!
The gnoll convulses!
The orc priest convulses!
Something is bathed in an unholy light!
The orc convulses!
The gnoll convulses!
Something hits you.
* * * LOW HITPOINT WARNING * * *
Something shocks you.
* * * LOW HITPOINT WARNING * * *
The orc priest mumbles some strange prayers to Beogh against you.
Beogh smites you!
* * * LOW HITPOINT WARNING * * *
You feel much better. The orc misses you.
The gnoll hits you from afar with a +3 spear!
You hit the orc priest.
The orc priest is almost dead.
You hit the orc. You miss something. You barely miss the gnoll shaman.
Something hits you but does no damage.
The orc priest hits you with a +0 flail.
The gnoll misses you.
You hit the orc priest but do no damage.
The orc priest is almost dead.
You hit the orc.
You kill the orc!
You barely miss something.
You hit the gnoll shaman but do no damage.
The gnoll hits you from afar with a +3 spear!
Something hits you. Something shocks you.
* * * LOW HITPOINT WARNING * * *
The gnoll hits you from afar with a +0 halberd.
* * * LOW HITPOINT WARNING * * *
The gnoll shaman hits you with a +0 club!
You die...

##################
..............g..#
).#...#...#...#{g#
...(.........Mg†@#
..#...#...#...#oo#
.................#
##################
# , * #* , ,
..,**,, ... ,, *
....,


You could see Menkaure, a gnoll shaman, an orc priest, 2 gnolls and an orc.

Vanquished Creatures
  A scorpion (D:5)
  A jelly (D:5)
  A gnoll (D:5)
  2 adders
  A white imp (D:5)
  An ufetubus (D:5)
  2 orcs (D:5)
9 creatures vanquished.

Vanquished Creatures (others)
  2 withered plants (Ossuary)
2 creatures vanquished.

Grand Total: 11 creatures vanquished

Notes
Turn   | Place    | Note
-------+----------+-------------------------------------------
     0 | D:5      | EnegeticOcto the Deep Dwarf Delver began the quest for the
                  | Orb.
     0 | D:5      | Reached XP level 1. HP: 20/20 MP: 1/1
    12 | D:5      | Noticed a jelly
    12 | D:5      | Noticed a scorpion
    29 | D:4      | Reached XP level 2. HP: 22/27 MP: 2/2
    96 | D:5      | Killed a scorpion
    96 | D:5      | Reached XP level 3. HP: 25/33 MP: 3/3
   119 | D:5      | Reached skill level 5 in Axes
   119 | D:5      | Reached XP level 4. HP: 34/40 MP: 3/3
   124 | D:5      | Found a sand-covered staircase.
   129 | Ossuary  | Entered an ossuary
   156 | D:5      | Noticed a sky beast
   158 | D:5      | Noticed a sky beast
   159 | D:5      | Noticed Menkaure
   177 | D:5      | Found a sacrificial altar of Ru.
   185 | D:5      | Became a worshipper of Ru the Awakened
   206 | D:5      | Slain by a gnoll shaman

Illustrated notes

Levels and vault maps discovered:
D:4:      layout_rooms, minmay_temple_entry_purple_smoke
D:5:      minmay_evil_eye, layout_cave_pools, lemuel_coloured_pillars_altar,
          nicolae_ossuary_entry_false_entrances,
          nicolae_qazlal_general_emergency, uniq_menkaure, uniq_eustachio
D:6:      layout_loops_ring, vehumet_statue, kennysheep_mini_moat,
          tso_metal_star, uniq_edmund

Skill      XL: |  1  2  3 |
---------------+----------+-----
Axes           | 3 4 5 |  5.5
Fighting       | |  2.6
Dodging        | |  2.1
Stealth        | |  6.0

Action                   |  1- 3 |  4- 6 || total
-------------------------+-------+-------++-------
Melee: Hand axe          |    49 |    15 ||    64
 Abil: Heal Wounds       |     7 |     5 ||    12
  Use: Potion            |       |     1 ||     1
Armor: Leather armour    |     6 |    19 ||    25
Dodge: Dodged            |    27 |    47 ||    74
Block: Buckler           |     6 |    10 ||    16

Table legend: (Time is in decaauts)
 A = Elapsed time spent in this place.
 B = Non-inter-level travel time spent in this place.
 C = Inter-level travel time spent in this place.
 D = Time resting spent in this place.
 E = Time spent auto-exploring this place.
 F = Levels seen in this place.
 G = Mean time per level.
                   A        B        C        D        E       F      G
               +--------+--------+--------+--------+--------+-----+--------+
         Total |    207 |    207 |      0 |      0 |      0 |   4 |   51.8 |
       Dungeon |    200 |    200 |      0 |      0 |      0 |   3 |   66.7 |
       Ossuary |      7 |      7 |      0 |      0 |      0 |   1 |    7.0 |
               +--------+--------+--------+--------+--------+-----+--------+

Top non-repeatable levels by time:
     D:5: 145 daAuts
     D:4: 47 daAuts
 Ossuary: 7 daAuts
     D:6: 6 daAuts
